 Seeded DCSS version 0.31-a0-949-g57150269e1 (webtiles) character file.

Game seed: 20231021 (custom seed)

5 greenreed the Ruffian (level 1, -1/17 HPs)
             Began as a Djinni Shapeshifter on Oct 21, 2023.
             Slain by a quokka (4 damage)
             ... on level 1 of the Dungeon.
             The game lasted 00:00:17 (130 turns).

greenreed the Ruffian (Djinni Shapeshifter)          Turns: 130, Time: 00:00:18

Health: -1/17      AC:  2    Str: 13    XL:     1   Next: 88%
Gold:   0          EV: 12    Int: 11    God:
                   SH:  0    Dex: 12

rFire   + +          .
                       - Unarmed
rCold   x . .        (no shield)
rNeg    . . .        a - +0 animal skin
rPois   ∞            (helmet currently unavailable)
rElec   .            (cloak currently unavailable)
rCorr   .            (gloves currently unavailable)
SInv    .            (boots unavailable)
Will    .....        (no amulet)
Stlth   +            (no ring)
HPRegen 0.22/turn    (no ring)
MPRegen 0.00/turn

%: infuse magic (-2 HP)
@: beast-form, flying
A: beast (slay +1), flying, sickness immunity, fire resistance 2, cold
vulnerability 1, float, innate caster, HP casting, extra vitality 1
a: Begin Untransformation


You were on level 1 of the Dungeon.
You were a hulking beast.
You visited 1 branch of the dungeon, and saw 1 of its levels.

Inventory:

Armour
 a - a +0 animal skin (worn)
Talismans
 c - a beast talisman (active)
 d - a flux talisman
Scrolls
 e - a scroll of enchant armour {unknown}
Potions
 b - a potion of lignification
 f - a potion of curing {unknown}


   Skills:
 * Level 1.0 Fighting
 + Level 2.1 Dodging
 * Level 3.0 Unarmed Combat
 + Level 0.0 Spellcasting
 + Level 0.0 Conjurations
 + Level 0.0 Hexes
   Level 0.0 Charms
 + Level 0.0 Summonings
 + Level 0.0 Necromancy
 + Level 0.0 Translocations
 + Level 0.0 Transmutations
 + Level 0.0 Fire Magic
 + Level 0.0 Ice Magic
 + Level 0.0 Air Magic
 + Level 0.0 Earth Magic
 + Level 0.0 Poison Magic
 + Level 2.6 Shapeshifting You didn't know any spells. Your spell library was empty.

Dungeon Overview and Level Annotations

Branches:
Dungeon (1/15)

Altars:


Innate Abilities, Weirdness & Mutations

You are a hulking beast.
Your limbs bulge with bestial killing power. (Slay +1)
You are flying.
You are immune to sickness and miasma.
You are immune to poison.
Your flesh is very heat resistant. (rF++)
You are vulnerable to cold. (rC-)
You float through the air rather than walking.
You learn spells naturally, not from books.
Your magical power is your life essence.
You have superior vitality. (+4 MHP)


Message History

No target in view!
You see here a quokka corpse.
A bat comes into view.
A bat is nearby!
The bat completely misses you. The bat closely misses you.
The bat hits you but does no damage.
You hit the bat.
You kill the bat!
No target in view!
You see here a bat corpse.
A ball python, a quokka and a hobgoblin come into view.
Found a mace.
Found an escape hatch in the floor.
The ball python hisses angrily.
A goblin comes into view. It is wielding a +0 club.
The ball python moves out of view.
The goblin shouts!
You hit the hobgoblin.
The hobgoblin is heavily wounded.
The hobgoblin hits you.
You closely miss the hobgoblin.
The hobgoblin is heavily wounded.
The hobgoblin hits you but does no damage.
The ball python bites you. The ball python misses you.
You barely miss the hobgoblin.
The hobgoblin is heavily wounded.
The ball python bites you. The ball python barely misses you.
You hit the hobgoblin.
You kill the hobgoblin!
A bat comes into view.
The ball python bites you. The ball python barely misses you.
The quokka bites you.
* * * LOW HITPOINT WARNING * * *
You are too injured to fight recklessly!
The ball python bites you.
* * * LOW HITPOINT WARNING * * *
The ball python closely misses you.
You hit the ball python.
You kill the ball python!
You barely miss the quokka. The quokka barely misses you. The quokka bites you.
You die...

..####..#.####.#
#....†..#.#
...##...# #.#
#######.#.#
........#
#.#########.#.#
.......##
#†#.........#.#
..######
#>#.#########.#
..######
#.............#
.......#
#.#.###########
........# #.#.#
...##...# #.#h#
..## ..#
#.#r###.# ..# .#
..#g....# ... #
#.##†.b)...#
....
.....#####.#
#.... #### #####


You could see a quokka and a goblin.

Vanquished Creatures
  A ball python (D:1)
  A hobgoblin (D:1)
  A quokka (D:1)
  2 bats (D:1)
5 creatures vanquished.

Notes
Turn   | Place    | Note
-------+----------+-------------------------------------------
     0 | D:1      | greenreed the Djinni Shapeshifter began the quest for the
                  | Orb.
     0 | D:1      | Reached XP level 1. HP: 17/17 MP: 0/0
   130 | D:1      | Slain by a quokka

Illustrated notes

Levels and vault maps discovered:
D:1:      minmay_arrival_four_loops, layout_basic, serial_shops, shop

Action                     || total
---------------------------++-------
  Melee: Unarmed           ||    11
 Armour: Animal skin       ||    11
  Dodge: Dodged            ||    11

Table legend: (Time is in decaauts)
 A = Elapsed time spent in this place.
 B = Non-inter-level travel time spent in this place.
 C = Inter-level travel time spent in this place.
 D = Time resting spent in this place.
 E = Time spent auto-exploring this place.
 F = Levels seen in this place.
 G = Mean time per level.
                   A        B        C        D        E       F      G
               +--------+--------+--------+--------+--------+-----+--------+
         Total |    129 |    129 |      0 |      0 |    103 |   1 |  129.0 |
       Dungeon |    129 |    129 |      0 |      0 |    103 |   1 |  129.0 |
               +--------+--------+--------+--------+--------+-----+--------+

Top non-repeatable levels by time:
     D:1: 129 daAuts
